AoeStats
← barfthom

Arabia

510207691Analyzed
2v2 RM · 2d ago on Sep 30, 2026· 21m 1s· 4 players
Game mode
Random Map
Map size
Medium (4 player)
Population
200
Speed
Normal
Resources
Standard
Victory
Conquest
Starting age
Dark Age
Ending age
Imperial Age
RankedLock teamsTeams togetherTeam positionsShared explorationLock speedFull tech treeHidden civsTurbo modeCheats
Victory
Defeat
🇺🇸 Armenians · United States
998
+17
🇺🇸 Romans · United States
998
+18
🇧🇴 Georgians · Bolivia
1048
-18
🇺🇾 Maya · Uruguay
1020
-17
[sAnCoNo] Dr_SaLadoMaL
0:30 Loom
9:51 Feudal Age
11:00 Double-Bit Axe
11:19 Horse Collar
11:42 Town Watch
14:26 Fletching
21:17 Castle Age
Ricky CDL
1:07 Loom
9:25 Feudal Age
11:38 Double-Bit Axe
12:26 Horse Collar
nolesallday
6:07 Loom
9:24 Feudal Age
10:34 Double-Bit Axe
11:15 Man-at-Arms
13:16 Scale Mail Armor
14:03 Forging
19:36 Castle Age
17:51 Horse Collar
19:43 Long Swordsman
20:40 Chain Mail Armor
20:49 Bow Saw
barfthom
6:32 Loom
9:13 Feudal Age
9:42 Town Watch
9:47 Double-Bit Axe
9:31 Man-at-Arms
10:55 Long Swordsman
15:33 Horse Collar
17:46 Scale Mail Armor
18:51 Forging
21:01 Wheelbarrow
Connection lost

Rejoining the realm…

Still unreachable

The connection could not be restored.

Session expired

The server has moved on; the page needs a fresh start.